 Dungeon Crawl Stone Soup version 0.31-a0-818-ge7c7cf74f0 (webtiles) character file.

Game seed: 9166937181740465661

6823 pokeman the Eclecticist (level 10, -1/56 HPs)
             Began as a Deep Elf Hedge Wizard on Sept 23, 2023.
             Was a Follower of Vehumet.
             Slain by a troll (12 damage)
             ... on level 10 of the Dungeon.
             The game lasted 00:29:45 (11459 turns).

pokeman the Eclecticist (Deep Elf Hedge Wizard)    Turns: 11459, Time: 00:29:46

Health: -1/56      AC:  8    Str:  7    XL:     10   Next: 77%
Magic:  12/31      EV: 13    Int: 24    God:    Vehumet [*.....]
Gold:   8          SH:  0    Dex: 14    Spells: 31/39 levels left

rFire   . . .        H - +2 short sword (venom)
rCold   . . .        (no shield)
rNeg    . . .        b - +0 robe
rPois   .            c - +0 hat
rElec   .            I - +0 cloak
rCorr   .            j - +0 pair of gloves
SInv    .            (no boots)
Will    +....        n - amulet of regeneration
Stlth   ++           r - +4 ring of protection
HPRegen 1.09/turn    q - ring of flight
MPRegen 0.22/turn

%: no passive effects
@: flying
A: no striking features
a: Renounce Religion


You were on level 10 of the Dungeon.
You worshipped Vehumet.
Vehumet was aware of your devotion.
You visited 2 branches of the dungeon, and saw 11 of its levels.
You also visited: Sewer.

You collected 432 gold pieces.
You spent 424 gold pieces at shops.

Inventory:

Hand Weapons
 H - a +2 short sword of venom (weapon)
Missiles
 G - a curare-tipped dart
Armour
 b - a +0 robe (worn)
 c - a +0 hat (worn)
 j - a +0 pair of gloves (worn)
 I - a +0 cloak (worn)
Jewellery
 n - an amulet of regeneration (around neck)
 o - a ring of positive energy
 p - a ring of protection from fire
 q - a ring of flight (right hand)
 r - a +4 ring of protection (left hand)
 u - a +6 ring of strength
 J - a +6 ring of intelligence
Wands
 a - a wand of light (13)
 t - a wand of roots (19)
 v - a wand of polymorph (3)
 w - a wand of paralysis (5)
 K - a wand of digging (3)
Scrolls
 e - 2 scrolls of fog
 i - a scroll of fear
 k - 7 scrolls of teleportation
 l - 2 scrolls of identify
 s - 2 scrolls of silence
 y - a scroll of immolation
 z - 2 scrolls of vulnerability
 D - a scroll of enchant armour
 E - a scroll of amnesia
 F - a scroll of brand weapon
 M - a scroll of revelation
 N - a scroll of blinking
Potions
 d - a potion of magic
 f - 3 potions of heal wounds
 g - 3 potions of might
 h - 4 potions of curing
 m - a potion of resistance
 x - 2 potions of mutation
 A - a potion of enlightenment
 B - a potion of attraction
 C - a potion of cancellation
 L - 2 potions of brilliance


   Skills:
 + Level 4.0 Fighting
 - Level 5.0 Armour
 - Level 3.1 Dodging
 - Level 3.1 Stealth
 * Level 15.3 Spellcasting
 + Level 9.0 Conjurations
 - Level 1.1 Summonings
 - Level 1.1 Translocations
 - Level 1.0 Air Magic
 - Level 1.0 Poison Magic
 - Level 1.3 Evocations


You had 31 spell levels left.
You knew the following spells:

 Your Spells              Type           Power      Damage    Failure   Level
a - Magic Dart            Conj           100%       1d8       1%          1
b - Mephitic Cloud        Conj/Pois/Air  36%        N/A       1%          3
c - Call Imp              Summ           46%        N/A       3%          2
d - Blink                 Tloc           46%        N/A       3%          2

Your spell library contained the following spells:

 Spells                   Type           Power      Damage    Failure   Level
 Shock                    Conj/Air       100%       1d9       1%          1
 Apportation              Tloc           46%        N/A       1%          1
 Summon Small Mammal      Summ           92%        N/A       1%          1
 Momentum Strike          Conj/Tloc      84%        3d10      1%          2
 Necrotise                Necr           72%        1d7       3%          1
 Slow                     Hex            72%        N/A       3%          1
 Cigotuvi's Dreadful Rot  Necr/Pois/Air  42%        N/A       3%          2
 Lesser Beckoning         Tloc           46%        N/A       3%          2
 Call Canine Familiar     Summ           23%        N/A       6%          3
 Sigil of Binding         Hex            18%        N/A       10%         3
 Dimensional Bullseye     Hex/Tloc       10%        N/A       24%         4
 Leda's Liquefaction      Hex/Erth       9%         N/A       30%         4


Dungeon Overview and Level Annotations

Branches:
Dungeon (10/15)            Temple (1/1) D:7           Sewer (visited)
   Lair: D:8-11         Orc: D:9-12

Altars:
Ashenzari
Cheibriados
Dithmenos
Elyvilon
Gozag
Hepliaklqana
Kikubaaqudgha
Makhleb
Nemelex Xobeh
Okawaru
Qazlal
Ru
Sif Muna
Trog
Uskayaw
Vehumet
Wu Jian
Xom
Yredelemnul
Zin
The Shining One

Shops:
D:2 *   D:4 *?[(   D:8 (

Annotations:
D:2 Loot behind rock
D:9 3 runed translucent doors, Age's ghost, novice MiFi; Newt's ghost, journeyman KoHu; hattop's ghost, novice TeSh; ratmeat3's ghost, novice TrSh


Message History

Attack!
Your cerulean imp hits the troll but does no damage.
Casting: Magic Dart (safe; 1% risk of failure)
Confirm with . or Enter, or press ? or * to list all spells.
Aiming: Mephitic Cloud (safe; 1% risk of failure)
Press: ? - help, Shift-Dir - straight line, f/p - troll
Aim: a troll (ally target, chance to affect: 67%)
The ball explodes into a vile cloud!
The stinking cloud engulfs your cerulean imp but does no damage.
Your cerulean imp is heavily wounded.
The stinking cloud engulfs the troll but does no damage.
Your cerulean imp hits the troll with a -2 spear.
The troll is engulfed in noxious fumes.
The troll bites your cerulean imp!
Your cerulean imp dies!
Your cerulean imp disappears in a puff of smoke!
Unknown command.
Unknown command.
The troll is engulfed in noxious fumes.
The troll appears confused.
Casting: Mephitic Cloud (safe; 1% risk of failure)
Confirm with . or Enter, or press ? or * to list all spells.
A tiny devil pulls itself out of the air.
Your cerulean imp says, "I'm here!"
The troll is engulfed in noxious fumes.
The troll appears confused.
The troll is engulfed in noxious fumes.
The troll wonders, "What am I doing in here?"
You hit the troll.
The troll is lightly wounded.
Your cerulean imp closely misses the troll.
The troll bites you but does no damage. The troll barely misses you.
The troll claws you.
You hit the troll.
The troll is poisoned.
The troll is lightly wounded.
Your cerulean imp hits the troll from afar with a -2 spear.
You hit the troll.
The troll looks even sicker.
The troll is moderately wounded.
Your cerulean imp hits the troll from afar with a -2 spear.
The troll bites you!
* * * LOW HITPOINT WARNING * * *
The troll misses you. The troll claws you!
You die...

#..######. ##
#+..##?.. .. #.
.....#### .# #..
......#.##.##.#..#
....#....#.#..... #
....##..##?##..# .#
....##...###[..###.#
....##....#....#5..#
....+...#...####@###
....########)...T..#
#########


You could see a troll (confused, very poisoned, ally target) and a friendly
cerulean imp (summoned).

Vanquished Creatures
  A two-headed ogre (D:10)
  A gargoyle (D:9)
  A kobold demonologist (D:10)
  4 yaks (D:8)
  3 wyverns
  Eustachio (D:5)
  A water moccasin (D:8)
  3 orc warriors
  An ice beast (D:7)
  2 black bears
  A sky beast (D:6)
  4 centaurs
  2 ogres
  A phantom (D:5)
  5 kobold brigands
  A gnoll sergeant (D:9)
  A bullfrog (D:9)
  5 scorpions
  3 wights (D:8)
  11 killer bees (D:9)
  2 howler monkeys
  A gnoll bouda (D:5)
  7 orc priests
  A jelly (D:4)
  3 hounds
  2 sleepcaps
  3 iguanas
  8 orc wizards
  9 gnolls
  11 adders
  4 river rats (Sewer)
  2 shadow imps
  2 white imps
  4 worms
  3 dart slugs
  29 orcs
  10 endoplasms
  7 giant cockroaches
  6 goblins
  2 hobgoblins (D:2)
  2 jackals (D:2)
  21 kobolds
  6 quokkas
  7 ball pythons
  4 bats
  7 frilled lizards
  11 rats
226 creatures vanquished.

Vanquished Creatures (collateral kills)
  A two-headed ogre (D:10)
  2 killer bees (D:9)
  A sleepcap (D:5)
  An orc wizard (D:9)
  A giant cockroach (D:6)
6 creatures vanquished.

Grand Total: 232 creatures vanquished

Notes
Turn   | Place    | Note
-------+----------+-------------------------------------------
     0 | D:1      | pokeman the Deep Elf Hedge Wizard began the quest for the
                  | Orb.
     0 | D:1      | Reached XP level 1. HP: 10/10 MP: 7/7
   207 | D:1      | Reached XP level 2. HP: 8/16 MP: 1/9
  1139 | D:2      | Reached skill level 5 in Spellcasting
  1196 | D:2      | Found a bloodstained altar of Trog.
  1294 | D:2      | Reached XP level 3. HP: 20/20 MP: 7/11
  1298 | D:2      | Learned a level 3 spell: Mephitic Cloud
  1301 | D:2      | Learned a level 2 spell: Call Imp
  1304 | D:2      | Learned a level 2 spell: Blink
  1375 | D:2      | Found Huqesch's General Store.
  1383 | D:2      | Bought a scroll of identify for 20 gold pieces
  1383 | D:2      | Bought a potion of curing for 30 gold pieces
  2173 | D:2      | Found a faded altar of an unknown god.
  2175 | D:2      | Reached skill level 1 in Armour
  2220 | D:3      | Found an iron altar of Okawaru.
  2230 | D:3      | Reached skill level 1 in Fighting
  2467 | D:2      | Bought a scroll of identify for 20 gold pieces
  2477 | D:3      | Reached XP level 4. HP: 25/25 MP: 10/13
  2841 | D:3      | Noticed a +0 dagger
  2842 | D:3      | Noticed a +0 hand axe
  2854 | D:3      | Found a hide-covered altar of Uskayaw.
  3291 | D:4      | Reached skill level 6 in Spellcasting
  3291 | D:4      | Reached XP level 5. HP: 29/29 MP: 1/15
  3390 | D:4      | Found Ossic's General Store.
  3392 | D:4      | Found Jubba's Magic Scroll Emporium.
  3392 | D:4      | Found Ynyakai's Armour Emporium.
  3398 | D:4      | Found Pamiajor's Weapon Emporium.
  3590 | D:4      | Noticed an ogre
  3760 | D:4      | Reached skill level 1 in Air Magic
  3768 | D:4      | Reached skill level 1 in Poison Magic
  3866 | D:4      | Found a hazy altar of Hepliaklqana.
  3879 | D:4      | Found a glowing golden altar of the Shining One.
  3938 | D:4      | Killed an ogre
  3939 | D:4      | Reached skill level 1 in Evocations
  3939 | D:4      | Reached XP level 6. HP: 34/34 MP: 8/17
  4059 | D:4      | Reached skill level 7 in Spellcasting
  4363 | D:4      | Found a shimmering blue altar of Sif Muna.
  4440 | D:5      | Entered Level 5 of the Dungeon
  4532 | D:5      | Reached XP level 7. HP: 39/39 MP: 12/20
  4671 | D:5      | Found a shadowy altar of Dithmenos.
  4707 | D:5      | Reached skill level 8 in Spellcasting
  4854 | D:5      | Noticed Eustachio
  5274 | D:5      | Found an ornate altar of the Wu Jian Council.
  5380 | D:5      | Reached skill level 9 in Spellcasting
  5416 | D:5      | Reached XP level 8. HP: 41/44 MP: 4/23
  5784 | D:5      | Killed Eustachio
  5785 | D:5      | Reached skill level 5 in Conjurations
  6124 | D:6      | Reached skill level 10 in Spellcasting
  6145 | D:6      | Found a glowing drain.
  6173 | Sewer    | Entered a sewer
  7109 | Sewer    | Reached skill level 11 in Spellcasting
  7644 | D:7      | Reached XP level 9. HP: 48/50 MP: 22/26
  7867 | D:7      | Found a staircase to the Ecumenical Temple.
  7876 | Temple   | Entered the Ecumenical Temple
  7957 | D:7      | Reached skill level 12 in Spellcasting
  8424 | D:8      | Found a stormy altar of Qazlal.
  8791 | D:8      | Found Wukkiufe's Antique Weapon Shop.
  8841 | D:8      | Reached skill level 13 in Spellcasting
  9076 | D:8      | Found a sacrificial altar of Ru.
  9393 | D:8      | Found a radiant altar of Vehumet.
  9601 | D:8      | Became a worshipper of Vehumet
  9695 | D:8      | Found a white marble altar of Elyvilon.
  9885 | D:9      | Reached XP level 10. HP: 49/56 MP: 23/29
  9899 | D:9      | Noticed a gargoyle
 10139 | D:9      | Killed a gargoyle
 10273 | D:9      | Reached skill level 14 in Spellcasting
 10445 | D:9      | Found a bloodstained altar of Trog.
 10693 | D:9      | Found a runed translucent gate.
 10693 | D:9      | Found a runed translucent gate.
 10693 | D:9      | Found a runed translucent gate.
 10694 | D:9      | Noticed hattop's ghost (novice TeSh)
 10694 | D:9      | Noticed Newt's ghost (journeyman KoHu)
 10695 | D:9      | Noticed Age's ghost (novice MiFi)
 10695 | D:9      | Noticed ratmeat3's ghost (novice TrSh)
 10983 | D:4      | Bought a scroll of identify for 26 gold pieces
 10983 | D:4      | Bought a scroll of identify for 26 gold pieces
 10983 | D:4      | Bought a scroll of teleportation for 39 gold pieces
 10983 | D:4      | Bought a scroll of teleportation for 39 gold pieces
 10983 | D:4      | Bought a scroll of identify for 26 gold pieces
 10983 | D:4      | Bought a scroll of identify for 26 gold pieces
 10983 | D:4      | Bought a scroll of revelation for 97 gold pieces
 10987 | D:4      | Bought a scroll of blinking for 75 gold pieces
 11156 | D:10     | Entered Level 10 of the Dungeon
 11156 | D:10     | Noticed a two-headed ogre
 11179 | D:10     | Killed a two-headed ogre
 11302 | D:10     | Noticed a seven-headed hydra
 11303 | D:10     | Noticed a manticore
 11390 | D:10     | Noticed a gargoyle
 11417 | D:10     | Noticed a two-headed ogre
 11445 | D:10     | Killed a two-headed ogre
 11445 | D:10     | Reached * piety under Vehumet
 11445 | D:10     | Offered knowledge of Shock by Vehumet.
 11446 | D:10     | Reached skill level 5 in Armour
 11446 | D:10     | Reached skill level 15 in Spellcasting
 11459 | D:10     | Slain by a troll

Illustrated notes

Levels and vault maps discovered:
D:1:      ebering_trefoil_3fold, layout_basic
D:2:      layout_loops_corners, basic_altar, serial_shops,
          nicolae_shop_pleasant_corner_grove,
          dilly_ecumenical_altar_fadedgnrine, due_unseen_surprise
D:3:      layout_rooms, dancing_weapons_uskayaw, okawaru_trees_1
D:4:      layout_basic, tso_metal_star, mainiacjoe_overflow_alcove_4,
          led_sif_pool, minmay_shop_grid_forest
D:5:      layout_loops_ring, nicolae_dithmenos_shadow_blocks, kennysheep_mini,
          uniq_eustachio
D:6:      layout_basic, gup_sewer_entry_glass
D:7:      layout_gridville, minmay_temple_entry_proselytizer,
          chequers_serial_rivers_micro_b, serial_park_tiny_pond,
          dk_noncrumbling_3
D:8:      layout_basic, nicolae_ru_the_path_less_chosen,
          mainiacjoe_overflow_cross_hatched, lemuel_coloured_pillars_altar,
          overflow_temple_1_default, serial_shops, nicolae_shop_statue_plus
D:9:      layout_basic, mainiacjoe_overflow_brackets, gammafunk_ghost_cemetery,
          hangedman_decor_lopped
D:10:     layout_roguey, fedhas_ov_isle_minmay, david_orc_3,
          eino_small_chamber_without_monster, minmay_fractal_squares_gapless_7
Temple:   hellmonk_temple_rainy

Skill      XL: |  1  2  3  4  5  6  7  8  9 10 |
---------------+-------------------------------+-----
Spellcasting   | 5 6 7 9 11 13 15 | 15.3
Conjurations   | 2 3 4 6 7 9 |  9.0
Armour         | 1 2 3 5 |  5.0
Fighting       | 1 2 3 4 |  4.0
Dodging        | 3 |  3.1
Stealth        | 3 |  3.1
Air Magic      | 1 |  1.0
Poison Magic   | 1 |  1.0
Evocations     | 1 |  1.3
Summonings     | |  1.1
Translocations | |  1.1

Action                     |  1- 3 |  4- 6 |  7- 9 | 10-12 || total
---------------------------+-------+-------+-------+-------++-------
  Melee: Dagger            |    16 |     7 |       |       ||    23
         Punch             |       |     1 |     2 |       ||     3
         Short sword       |       |    35 |   226 |    95 ||   356
         Trident           |       |       |    11 |       ||    11
   Cast: Magic Dart        |   112 |   104 |   210 |    48 ||   474
         Call Imp          |       |     3 |     5 |     6 ||    14
         Mephitic Cloud    |       |     6 |    46 |    22 ||    74
         Blink             |       |     1 |       |     3 ||     4
  Evoke: Wand              |       |       |       |     4 ||     4
    Use: Scroll            |       |       |       |    16 ||    16
   Stab: Confused          |       |     3 |    29 |    10 ||    42
 Armour: Robe              |    21 |    40 |   136 |    55 ||   252
  Dodge: Dodged            |    31 |    33 |   130 |    52 ||   246

Table legend: (Time is in decaauts)
 A = Elapsed time spent in this place.
 B = Non-inter-level travel time spent in this place.
 C = Inter-level travel time spent in this place.
 D = Time resting spent in this place.
 E = Time spent auto-exploring this place.
 F = Levels seen in this place.
 G = Mean time per level.
                   A        B        C        D        E       F      G
               +--------+--------+--------+--------+--------+-----+--------+
         Total |  11464 |  10670 |    794 |     83 |   8503 |  12 |  955.3 |
       Dungeon |  10462 |   9668 |    794 |     83 |   7677 |  10 | 1046.2 |
        Temple |      1 |      1 |      0 |      0 |      0 |   1 |    1.0 |
         Sewer |    999 |    999 |      0 |      0 |    826 |   1 |  999.0 |
               +--------+--------+--------+--------+--------+-----+--------+

Top non-repeatable levels by time:
     D:8: 1550 daAuts
     D:5: 1387 daAuts
     D:2: 1380 daAuts
     D:4: 1215 daAuts
     D:3: 1044 daAuts
   Sewer: 999 daAuts
     D:1: 962 daAuts
     D:9: 953 daAuts
     D:7: 854 daAuts
     D:6: 812 daAuts
    D:10: 302 daAuts
  Temple: 1 daAuts
